Map: Abiogenesis LE

Players

SALTKING

  • Race: Zerg Zerg
  • League: Master
  • Spawn Location: 11:00

A.I. 1 (Very Easy) - Winner!

  • Race: Terran Terran
  • Spawn Location: 5:00

VOD

Have the link to the VOD?

Description

Time

  • Played on: March 27, 2018, 5:21 p.m.
  • Length: 8:09
Show
View Real Time Build Order
Export as new Build Order

SALTKING Zerg 

Build Orders: Hatch First 

Get SALT Encoding   

  12  0:01  Drone  
  13  0:12  Overlord  
  13  0:18  Drone  
  14  0:30  Drone  
  14  0:31  Drone  
  16  0:35  Drone  
  17  0:52  Hatchery  
  17  0:55  Drone  
  17  0:59  Drone  
  18  1:09  Extractor  
  17  1:14  Spawning Pool  
  17  1:16  Drone  
  17  1:20  Drone  
  18  1:28  Drone  
  19  1:39  Overlord  
  19  1:49  Drone  
  20  2:01  Zergling x2, Queen  
  21  2:04  Queen  
  21  2:05  Zergling x2  
  26  2:11  Drone  
  26  2:12  Metabolic Boost  
  27  2:22  Drone x2  
  29  2:35  Hatchery  
  29  2:36  Drone  
  29  2:39  Drone  
  29  2:42  Drone  
  31  2:49  Queen  
  33  2:54  Overlord  
  33  2:56  Drone  
  34  2:59  Drone  
  34  3:01  Drone  
  36  3:13  Drone  
  36  3:14  Drone x5  
  36  3:19  Overlord  
  42  3:21  Drone  
  42  3:22  Drone  
  42  3:26  Overlord  
  44  3:30  Extractor  
  44  3:34  Roach Warren  
  42  3:35  Drone  
  42  3:37  Drone  
  44  3:43  Queen  
  44  3:46  Drone x2  
  44  3:48  Drone  
  49  3:49  Drone  
  49  3:51  Drone  
  49  3:53  Drone  
  49  3:54  Drone  
  53  3:56  Drone  
  53  3:58  Drone  
  53  4:00  Drone  
  53  4:01  Drone  
  57  4:05  Overlord  
  57  4:08  Overlord  
  57  4:13  Roach  
  57  4:14  Roach  
  61  4:18  Roach  
  61  4:19  Roach  
  61  4:23  Roach  
  67  4:25  Drone  
  67  4:26  Drone x2  
  67  4:28  Overlord  
  70  4:31  Evolution Chamber  
  70  4:33  Drone  
  70  4:34  Evolution Chamber, Drone  
  70  4:35  Drone  
  70  4:36  Drone  
  72  4:39  Drone  
  72  4:40  Drone  
  74  4:47  Drone  
  74  4:51  Drone x2  
  77  4:53  Lair  
  77  4:55  Drone  
  78  5:00  Zerg Missile Weapons Level 1  
  78  5:02  Zerg Ground Armor Level 1, Overlord x2  
  78  5:04  Drone  
  78  5:05  Drone x2  
  78  5:06  Drone x2  
  83  5:07  Drone  
  83  5:10  Drone  
  83  5:12  Drone  
  83  5:13  Extractor  
  85  5:16  Extractor  
  85  5:17  Extractor  
  85  5:18  Extractor, Drone  
  84  5:21  Drone  
  84  5:25  Drone  
  85  5:29  Drone  
  86  5:40  Drone  
  86  5:42  Drone x3  
  90  5:44  Roach  
  90  5:45  Roach x4  
  90  5:46  Roach x2  
  90  5:48  Overlord  
  104  5:51  Glial Reconstitution  
  104  5:52  Overlord  
  104  5:53  Roach  
  106  6:03  Hatchery  
  105  6:06  Overlord x3  
  105  6:07  Overlord x2  
  105  6:10  Roach x2  
  109  6:15  Roach  
  109  6:16  Roach x2  
  115  6:21  Roach x3, Hydralisk Den  
  115  6:22  Roach  
  124  6:25  Roach  
  124  6:26  Roach  
  124  6:29  Roach  
  124  6:31  Roach x3  
  133  6:33  Roach x2  
  139  6:40  Roach  
  139  6:43  Roach  
  139  6:44  Roach  
  139  6:45  Roach x2  
  147  6:48  Roach x3  
  147  6:52  Roach  
  147  6:54  Roach  
  157  6:59  Overlord  
  157  7:02  Overlord  
  157  7:04  Overlord  
  157  7:06  Overlord  
  157  7:09  Roach x2  
  157  7:15  Overlord x2  
  161  7:18  Roach x2  
  161  7:20  Hydralisk x3  
  171  7:27  Roach x3  
  171  7:28  Overlord  
  177  7:30  Roach  
  177  7:32  Roach  
  177  7:34  Roach  
  177  7:35  Roach  
  185  7:37  Roach  
  185  7:38  Roach  
  185  7:40  Roach  
  185  7:43  Roach  
  185  7:44  Roach  
  195  7:46  Roach  
  195  7:48  Roach  
Show
View Real Time Build Order
Export as new Build Order

A.I. 1 (Very Easy) Terran - Winner!

Build Orders:  

Get SALT Encoding   

  12  0:00  SCV  
  13  0:13  SCV  
  14  0:18  Supply Depot  
  14  0:37  Refinery  
  14  0:43  Barracks  
  14  1:05  Supply Depot  
  14  1:13  Refinery  
  14  1:30  Marine  
  14  1:31  SCV  
  16  1:43  SCV  
  17  1:55  SCV  
  18  2:06  Marine  
  18  2:07  SCV  
  20  2:19  SCV  
  21  2:31  SCV  
  22  2:42  Marine  
  23  2:44  Orbital Command  
  23  5:58  SCV  
  23  5:59  Marine  
  23  6:02  Factory  
  23  6:04  Supply Depot  
  24  6:10  SCV  
  25  6:23  SCV  
  25  6:27  Supply Depot  
  25  6:31  Marine  
  24  6:35  SCV  
  25  6:46  Starport  
  25  6:47  SCV  
  25  6:50  Barracks Tech Lab  
  26  6:57  Command Center  
  26  6:59  SCV  
  26  7:09  Marine  
  27  7:24  Starport Tech Lab  
  27  7:41  Marauder  
Tags
 
League
Master
Matchup
TvZ
Spawn Locations
Cross Positions
Add a new tag
Caveats
  • Supply blocks, unpowered buildings, or Contaminate may cause inaccurate times.
  • Supply counts are checked every 10 seconds.